 Dungeon Crawl Stone Soup version 0.29.1-1-gd02db6906a (webtiles) character file.

Game seed: 4088699904694732425

324 dave1331 the Chopper (level 6, 0/53 HPs)
             Began as a Minotaur Fighter on Oct 4, 2022.
             Slain by a phantom (1 damage)
             ... on level 5 of the Dungeon.
             The game lasted 00:06:39 (3526 turns).

dave1331 the Chopper (Minotaur Fighter)             Turns: 3526, Time: 00:06:41

Health: 0/53       AC:  7    Str: 20    XL:     6   Next: 23%
Magic:  5/5        EV:  9    Int:  5    God:
Gold:   157        SH:  5    Dex: 12    Spells: 5/5 levels left

rFire   . . .      SeeInvis +   a - +0 war axe
rCold   . . .      Faith    .   c - +0 buckler
rNeg    . . .      Spirit   .   b - +0 scale mail
rPois   .          Reflect  .   (helmet restricted)
rElec   .          Harm     .   (no cloak)
rCorr   .          Rampage  .   (no gloves)
Will    +....                   (no boots)
Stlth   ..........              (no amulet)
HPRegen 0.17/turn               n - ring of see invisible
MPRegen 0.09/turn               i - ring of willpower

@: no status effects
A: horns 2, retaliatory headbutt
a: no special abilities


You were on level 5 of the Dungeon.
You visited 1 branch of the dungeon, and saw 5 of its levels.

You collected 157 gold pieces.

Inventory:

Hand Weapons
 a - a +0 war axe (weapon)
Missiles
 y - a throwing net
Armour
 b - a +0 scale mail (worn)
 c - a +0 buckler (worn)
Jewellery
 i - a ring of willpower (right hand)
 j - a ring of protection from fire
 n - a ring of see invisible (left hand)
Wands
 w - a wand of paralysis (2)
 x - a wand of polymorph (13) (quivered)
 A - a wand of roots (7)
Scrolls
 f - 2 scrolls of identify
 l - a scroll of teleportation
 q - 4 scrolls of amnesia
Potions
 d - a potion of might
 h - a potion of magic {unknown}
 k - 3 potions of attraction {unknown}
 m - 3 potions of degeneration {unknown}
 o - 4 potions of mutation {unknown}
 r - a potion of lignification {unknown}
 s - a potion of heal wounds {unknown}
 z - a potion of ambrosia {unknown}


   Skills:
 + Level 4.7 Fighting
 + Level 5.3 Axes
 + Level 5.0 Armour
 + Level 1.2 Dodging
 + Level 0.3 Stealth
 + Level 4.8 Shields


You had 5 spell levels left.
You didn't know any spells.
Your spell library contained the following spells:

 Spells                   Type           Power      Damage    Failure   Level
 Beastly Appendage        Tmut           0%         N/A       88%         1
 Wereblood                Tmut           0%         N/A       96%         2
 Spider Form              Tmut/Pois      0%         N/A       99%         3


Dungeon Overview and Level Annotations

Branches:
Dungeon (5/15)
 Temple: D:4-7

Altars:
Hepliaklqana
Makhleb
Trog

Shops:
D:1 *


Innate Abilities, Weirdness & Mutations

You have a pair of horns on your head.
You reflexively headbutt those who attack you in melee.


Message History

You hear a shout!
The orc shouts!
An orc wizard comes into view. It is wielding a +0 dagger.
The orc wizard moves out of view.
You barely miss the orc. You headbutt the orc!
You kill the orc!
The orc priest calls down the wrath of Beogh upon you.
Beogh smites you!
You see here a +0 dagger.
You barely miss the orc priest. You headbutt the orc priest.
The orc priest is moderately wounded.
The orc priest hits you with a +0 whip.
You closely miss the orc priest.
The orc priest is moderately wounded.
You slash the orc priest!
You kill the orc priest!
You barely miss the orc warrior. You closely miss the phantom.
The orc warrior hits you with a +0 battleaxe!
You block the phantom's attack.
You are too injured to fight recklessly!
You are too injured to fight recklessly!
You closely miss the phantom. Your headbutt misses the phantom.
You hit the orc warrior but do no damage.
The phantom hits you.
The phantom blinks!
You blink.
You completely miss the phantom. The phantom closely misses you.
You slash the phantom! Your headbutt misses the phantom.
The phantom is moderately damaged.
The phantom hits you but does no damage.
The phantom closely misses you.
You slash the phantom! Your headbutt misses the phantom.
The phantom is heavily damaged.
You hit the orc warrior but do no damage.
You block the orc warrior's attack. You block the phantom's attack.
You closely miss the phantom.
The phantom is heavily damaged.
You closely miss the orc warrior.
The orc warrior hits you with a +0 battleaxe!!
* * * LOW HITPOINT WARNING * * *
The phantom hits you.
You die... .~P~~~ ...# PP~PPW+

#..# +###
.P~P~..##..##....
P~♣PP............
.~~PP........>...
~~P~...<........#
#
~♣.P#+###..##...#
.. #..####+#♣P♣
#.....@...~♣
#....oW..~♣♣
#...oo...~.~..
+.......#.~...
#.)##...##....
#).###### ....
....o ...
....(... ..
#..........


You could see an orc warrior, a phantom, an orc wizard and an orc.

Vanquished Creatures
  A phantom (D:4)
  An orc priest (D:5)
  2 iguanas (D:4)
  Ijyb (D:4)
  4 adders
  3 worms
  2 dart slugs (D:2)
  3 orcs
  7 endoplasms
  5 giant cockroaches
  5 goblins
  8 hobgoblins
  6 jackals
  8 quokkas
  8 ball pythons
  5 bats
  3 frilled lizards (D:3)
  5 kobolds
  9 rats
86 creatures vanquished.

Notes
Turn   | Place    | Note
-------+----------+-------------------------------------------
     0 | D:1      | dave1331 the Minotaur Fighter began the quest for the Orb.
     0 | D:1      | Reached XP level 1. HP: 19/19 MP: 0/0
    46 | D:1      | Reached XP level 2. HP: 11/27 MP: 1/1
   755 | D:1      | Found Uma Melofo's Assorted Antiques.
   972 | D:2      | Reached XP level 3. HP: 30/33 MP: 2/2
  1091 | D:2      | Identified the +1 scale mail "Xucs" {Str+4}
  1764 | D:3      | Reached XP level 4. HP: 34/40 MP: 3/3
  2430 | D:4      | Noticed Ijyb
  2439 | D:4      | Paralysed by Ijyb for 2 turns
  2449 | D:4      | Killed Ijyb
  2450 | D:4      | Reached XP level 5. HP: 39/47 MP: 4/4
  2750 | D:4      | Noticed a phantom
  2765 | D:4      | Killed a phantom
  2766 | D:4      | Reached skill level 5 in Axes
  2766 | D:4      | Reached skill level 5 in Armour
  2766 | D:4      | Reached skill level 1 in Dodging
  2766 | D:4      | Reached XP level 6. HP: 53/53 MP: 5/5
  2812 | D:4      | Found a bloodstained altar of Trog.
  3018 | D:4      | Found a burning altar of Makhleb.
  3081 | D:4      | Found a hazy altar of Hepliaklqana.
  3506 | D:5      | Entered Level 5 of the Dungeon
  3513 | D:5      | Noticed an orc warrior
  3526 | D:5      | HP: 1/53 [orc warrior/+0 battleaxe (20)]
  3526 | D:5      | Slain by a phantom

Illustrated notes

Levels and vault maps discovered:
D:1:      dpeg_arrival_lava_altar, layout_loops_ring, serial_shops,
          nicolae_shop_crystal, corner_web_ring, minmay_tetromino_t4
D:2:      layout_loops_ring
D:3:      layout_loops_cross, minmay_misc_feat_nine_boxes
D:4:      layout_rooms, kennysheep_little_box, overflow_temple_1_default,
          amcnicky_altar_gilded, uniq_ijyb
D:5:      layout_gridville, mainiacjoe_overflow_surrounded_room, serial_bayou,
          serial_bayou_crossing, serial_bayou_pond_e, serial_bayou_lake_a,
          serial_bayou_pond_e, serial_bayou_pond_e, serial_bayou_lagoon_a,
          uniq_pikel

Skill      XL: |  1  2  3  4  5 |
---------------+----------------+-----
Fighting       | 4 |  4.7
Armour         | 4 5 |  5.0
Shields        | 4 |  4.8
Axes           | 3 4 5 |  5.3
Dodging        | 1 |  1.2
Stealth        | |  0.3

Action                   |  1- 3 |  4- 6 || total
-------------------------+-------+-------++-------
Melee: War axe           |    79 |    89 ||   168
       Headbutt          |    10 |    15 ||    25
  Use: Scroll            |       |     7 ||     7
       Potion            |       |     1 ||     1
Armor: Scale mail        |    52 |    41 ||    93
Dodge: Dodged            |    38 |    44 ||    82
Block: Buckler           |    16 |    28 ||    44
